Map: Rhoskallian LE

Players

Massa - Winner!

  • Race: Terran Terran
  • League: Gold
  • Spawn Location: 6:00

qqq - Winner!

  • Race: Protoss Protoss
  • League: Platinum
  • Spawn Location: 5:00

PepeeLopeez

  • Race: Terran Terran
  • Spawn Location: 11:00

Norek

  • Race: Zerg Zerg
  • Spawn Location: 12:00

VOD

Have the link to the VOD?

Description

Time

  • Played on: July 30, 2020, 2:51 p.m.
  • Length: 11:43
Show
View Real Time Build Order
Export as new Build Order

Massa Terran - Winner!

Build Orders:  

Get SALT Encoding   

  12  0:01  SCV  
  13  0:13  SCV  
  14  0:26  Supply Depot  
  14  0:29  SCV  
  14  0:30  Refinery  
  15  0:48  SCV  
  16  0:50  Barracks  
  16  1:00  SCV, Supply Depot  
  17  1:12  SCV  
  18  1:24  SCV  
  19  1:29  Barracks  
  19  1:37  Reaper  
  19  1:38  SCV, Supply Depot  
  21  2:00  Barracks  
  21  2:09  Reaper  
  21  2:12  Orbital Command  
  22  2:25  Reaper  
  23  2:41  Reaper  
  24  2:53  Reaper  
  24  2:57  Reaper  
  25  3:16  Reaper  
  25  3:24  SCV  
  25  3:25  Command Center  
  26  3:37  SCV  
  26  3:49  SCV  
  26  4:01  SCV  
  26  4:13  SCV  
  27  4:22  Marine x3  
  29  4:25  SCV  
  30  4:31  Factory  
  30  4:33  Factory  
  30  4:37  SCV, Bunker  
  31  4:40  Orbital Command, Marine x3  
  34  4:49  SCV  
  35  4:57  Marine  
  35  4:58  Marine x2  
  38  5:01  Refinery, SCV  
  38  5:05  Supply Depot  
  38  5:06  SCV  
  40  5:13  SCV  
  41  5:15  Marine  
  41  5:16  Marine  
  41  5:17  Factory Tech Lab  
  41  5:18  SCV, Factory Reactor  
  45  5:24  Barracks Tech Lab  
  45  5:25  SCV  
  45  5:28  Supply Depot  
  45  5:30  SCV  
  45  5:33  Marine  
  45  5:34  Marine  
  48  5:36  Refinery  
  48  5:38  Refinery, SCV  
  48  5:42  SCV  
  50  5:43  Command Center  
  50  5:45  Starport  
  50  5:50  Engineering Bay  
  50  5:52  Marine x2  
  50  5:54  Marauder  
  54  6:00  Widow Mine  
  54  6:03  Hellion x2  
  60  6:05  SCV x2  
  60  6:10  Marine  
  63  6:16  Marauder  
  63  6:17  SCV x2  
  67  6:21  Terran Infantry Weapons Level 1  
  67  6:22  Widow Mine  
  69  6:27  Stimpack  
  69  6:39  Supply Depot x2  
  69  6:40  Missile Turret, Supply Depot  
  69  6:54  Medivac  
  69  6:55  SCV x2, Marauder  
  75  7:04  Supply Depot  
  75  7:05  Supply Depot  
  75  7:07  SCV x2, Siege Tank  
  80  7:09  Hellion x2  
  80  7:11  Marine  
  80  7:12  Marine  
  86  7:16  Marauder  
  86  7:19  SCV x2  
  90  7:29  Marine  
  91  7:30  Marine  
  91  7:31  SCV x2  
  91  7:33  Hellion  
  96  7:37  Medivac  
  96  7:38  Marauder  
  100  7:59  Marauder  
  102  8:07  Supply Depot  
  102  8:11  Barracks Reactor  
  102  8:16  Siege Tank  
  102  8:18  Hellion x2  
  109  8:20  Marauder  
  109  8:24  Command Center  
  111  8:28  Engineering Bay  
  111  8:32  Terran Infantry Armor Level 1  
  111  8:33  Armory  
  111  8:39  Hellion x2  
  111  8:40  Orbital Command  
  115  8:42  SCV x2, Marauder  
  115  8:48  Siege Tank  
  122  8:49  Bunker  
  122  8:54  SCV x2, Bunker  
  124  9:06  SCV  
  125  9:11  Supply Depot  
  125  9:12  Supply Depot  
  125  9:17  Supply Depot x2  
  125  9:20  Infernal Pre-Igniter  
  125  9:33  Marauder, Marine x3  
  125  9:35  Supply Depot  
  125  9:37  SCV x2, Supply Depot  
  125  9:38  SCV  
  133  9:41  Supply Depot x2  
  133  9:46  Refinery  
  133  9:49  SCV  
  133  9:50  SCV x2  
  133  9:51  Marine  
  137  9:55  Marauder  
  139  10:00  Supply Depot  
  117  10:16  Marauder  
  109  10:37  Marauder  
  101  11:01  Marauder  
  101  11:02  Marine x3  
  102  11:05  Widow Mine x2  
  107  11:12  Refinery  
  107  11:15  SCV x3  
  109  11:19  Marine  
  109  11:20  Marine x2  
  114  11:27  SCV x3  
  123  11:33  Barracks  
  123  11:37  Barracks  
  127  11:42  Barracks  
Show
View Real Time Build Order
Export as new Build Order

qqq Protoss - Winner!

Build Orders:  

Get SALT Encoding   

  12  0:01  Probe  
  13  0:13  Probe  
  14  0:20  Pylon  
  14  0:25  Probe  
  15  0:38  Probe  
  15  0:41  Forge  
  16  0:50  Probe  
  17  1:02  Probe  
  18  1:31  Pylon  
  18  1:41  Pylon  
  18  1:42  Pylon  
  18  1:53  Photon Cannon  
  18  1:55  Photon Cannon  
  18  2:04  Photon Cannon  
  17  2:15  Pylon  
  16  2:33  Gateway  
  16  2:46  Nexus  
  16  2:47  Probe  
  16  2:50  Assimilator  
  17  2:59  Probe  
  18  3:11  Probe  
  19  3:18  Assimilator  
  19  3:23  Probe  
  19  3:25  Cybernetics Core  
  20  3:36  Probe  
  21  3:48  Probe  
  22  3:55  Pylon  
  22  3:58  Probe  
  22  4:00  Probe  
  24  4:03  Stargate  
  24  4:10  Probe  
  24  4:12  Probe  
  26  4:22  Probe  
  27  4:24  Probe  
  27  4:26  Photon Cannon  
  28  4:32  Pylon  
  28  4:34  Probe  
  28  4:36  Probe  
  28  4:37  Photon Cannon  
  30  4:46  Probe  
  30  4:47  Stargate  
  31  4:59  Probe  
  34  5:04  Void Ray  
  36  5:11  Probe  
  37  5:15  Photon Cannon  
  37  5:23  Probe  
  38  5:30  Phoenix  
  38  5:35  Probe  
  41  5:36  Probe  
  41  5:39  Assimilator  
  42  5:43  Assimilator  
  42  5:46  Phoenix  
  42  5:47  Probe, Pylon  
  42  5:48  Probe  
  42  5:49  Pylon  
  46  5:55  Phoenix  
  48  5:59  Probe  
  48  6:00  Probe  
  50  6:11  Phoenix  
  50  6:13  Photon Cannon  
  52  6:39  Phoenix  
  54  6:44  Nexus  
  54  6:48  Photon Cannon  
  54  6:50  Shield Battery  
  54  6:51  Photon Cannon  
  54  6:54  Photon Cannon  
  54  7:01  Nexus  
  54  7:04  Phoenix  
  56  7:13  Protoss Air Weapons Level 1 (Chrono Boost)  
  56  7:15  Probe  
  56  7:16  Probe  
  58  7:28  Probe  
  59  7:40  Probe  
  60  7:52  Probe  
  61  7:59  Phoenix x2  
  61  8:04  Probe  
  66  8:06  Stalker  
  66  8:08  Probe, Fleet Beacon  
  69  8:16  Probe  
  69  8:17  Probe  
  71  8:21  Probe  
  72  8:27  Pylon  
  72  8:29  Probe, Pylon  
  72  8:32  Pylon  
  72  8:33  Probe  
  74  8:35  Phoenix  
  74  8:40  Phoenix  
  74  8:41  Probe, Photon Cannon  
  79  8:45  Probe  
  80  8:53  Probe  
  81  8:57  Probe  
  81  9:00  Phoenix  
  84  9:05  Probe  
  84  9:06  Phoenix  
  84  9:09  Probe  
  88  9:14  Protoss Air Armor Level 1  
  88  9:17  Probe  
  88  9:21  Probe  
  90  9:24  Pylon  
  90  9:25  Phoenix  
  90  9:28  Anion Pulse-Crystals  
  90  9:29  Probe, Pylon  
  93  9:31  Phoenix  
  93  9:33  Probe  
  93  9:34  Pylon  
  93  9:37  Pylon  
  96  9:41  Probe (Chrono Boost), Zealot  
  96  9:42  Twilight Council  
  99  9:45  Probe (Chrono Boost)  
  99  9:46  Assimilator  
  99  9:49  Assimilator x2  
  99  9:50  Phoenix  
  102  9:53  Assimilator  
  102  9:54  Probe (Chrono Boost)  
  102  9:58  Probe (Chrono Boost)  
  104  10:03  Probe (Chrono Boost)  
  104  10:04  Probe (Chrono Boost)  
  104  10:08  Probe  
  104  10:12  Probe  
  106  10:20  Probe  
  103  10:22  Carrier, Phoenix  
  103  10:24  Probe  
  106  10:59  Phoenix  
  106  11:01  Probe x2  
  110  11:13  Probe x2  
  112  11:25  Probe x2  
Show
View Real Time Build Order
Export as new Build Order

PepeeLopeez Terran 

Build Orders:  

Get SALT Encoding   

  12  0:00  SCV  
  13  0:12  SCV  
  14  0:24  SCV  
  15  0:35  Supply Depot  
  15  0:40  Refinery  
  15  0:56  SCV  
  16  1:24  Barracks  
  15  1:28  Barracks  
  15  2:02  Supply Depot  
  15  2:11  Marine  
  15  2:13  Supply Depot  
  16  2:19  Marine  
  17  2:27  Bunker  
  17  2:29  Marine  
  15  2:37  Marine  
  15  2:55  Marine  
  15  3:13  Marine  
  15  3:17  Barracks  
  16  3:30  Marine  
  11  3:48  Marine  
  12  3:57  SCV  
  13  4:06  Marine  
  13  4:09  SCV  
  15  4:14  Barracks  
  15  4:21  SCV  
  16  4:24  Marine  
  17  4:33  SCV  
  17  4:37  Command Center  
  18  4:42  Marine  
  18  4:45  SCV  
  20  4:57  SCV  
  21  5:02  Barracks Tech Lab  
  21  5:04  Barracks Reactor  
  21  5:10  Refinery  
  21  5:15  Orbital Command  
  21  5:24  Stimpack  
  21  5:35  Marauder  
  23  5:48  SCV  
  23  5:49  SCV  
  25  5:53  Marine x2  
  27  6:00  SCV  
  27  6:01  SCV  
  29  6:11  Supply Depot  
  29  6:12  SCV  
  29  6:14  SCV  
  31  6:22  Refinery  
  31  6:24  SCV  
  32  6:26  SCV  
  33  6:37  SCV  
  34  6:40  SCV, Engineering Bay  
  34  6:46  Barracks, Marine  
  36  6:47  Marine  
  37  6:56  Marine  
  37  6:59  SCV  
  39  7:02  SCV  
  39  7:03  Marine  
  39  7:08  Missile Turret  
  41  7:11  Missile Turret  
  41  7:12  SCV  
  42  7:16  SCV  
  42  7:22  Missile Turret  
  43  7:28  Missile Turret  
  43  7:29  Marine x2  
  45  7:31  Marine  
  43  7:50  SCV x2  
  45  7:56  Missile Turret  
  45  7:58  Barracks Reactor  
  45  8:02  SCV  
  46  8:14  Supply Depot  
  46  8:17  Supply Depot  
  46  8:20  Terran Infantry Weapons Level 1  
  46  8:27  Orbital Command  
  46  8:35  SCV, Marine x2  
  46  8:36  Marauder  
  46  8:37  Marine x2, Supply Depot  
  53  8:46  Missile Turret  
  53  8:47  SCV  
  54  8:53  Marine x2  
  54  8:55  Marine x2  
  58  8:57  SCV  
  58  9:00  SCV  
  60  9:09  SCV  
  61  9:12  SCV  
  62  9:19  Missile Turret x2  
  62  9:20  Supply Depot  
  62  9:21  SCV  
  62  9:24  SCV  
  64  9:31  Marauder, Marine  
  64  9:32  Marine x2  
  64  9:33  SCV  
  70  9:40  Factory  
  70  9:41  Marine, Supply Depot  
  70  9:42  SCV  
  72  9:45  Supply Depot  
  72  9:46  SCV  
  72  9:49  Marine  
  72  9:51  Combat Shield  
  74  9:54  SCV  
  74  9:55  Marine  
  74  9:56  Refinery, Marauder  
  78  10:02  Marine  
  78  10:03  SCV  
  78  10:06  SCV  
  78  10:14  Marine x3  
  48  10:17  Marauder  
  48  10:20  Marine  
  50  10:32  Marine x2  
  51  10:38  Marauder, Marine x2  
  50  10:50  Marine x2  
  50  10:56  Marine x2  
  54  11:00  Marauder  
  53  11:07  Marine  
  53  11:08  Marine  
  52  11:14  Marine x2  
  54  11:19  Hellion  
  54  11:21  Marauder  
  58  11:25  Marine  
Show
View Real Time Build Order
Export as new Build Order

Norek Zerg 

Build Orders: Hatch First 

Get SALT Encoding   

  12  0:01  Drone  
  13  0:13  Overlord  
  13  0:18  Drone  
  14  0:28  Extractor, Drone  
  14  0:31  Drone  
  14  0:35  Drone  
  16  0:46  Drone  
  17  0:56  Drone  
  18  1:12  Hatchery  
  18  1:18  Spawning Pool  
  16  1:20  Drone  
  16  1:23  Drone  
  18  1:32  Drone  
  19  1:42  Overlord  
  19  2:03  Drone x2  
  21  2:17  Roach Warren  
  20  2:26  Queen  
  20  2:28  Queen  
  23  2:58  Roach  
  23  2:59  Roach x5  
  35  3:29  Drone  
  35  3:31  Overlord x3  
  35  4:05  Drone  
  36  4:18  Drone x6  
  42  4:25  Extractor  
  42  4:30  Drone  
  42  4:32  Lair  
  42  4:50  Drone  
  42  4:52  Drone x2  
  45  4:53  Drone x4  
  45  4:57  Extractor  
  45  4:58  Extractor  
  47  5:04  Spore Crawler  
  47  5:05  Spore Crawler  
  47  5:06  Drone  
  46  5:10  Drone x5  
  51  5:17  Overlord x3  
  51  5:24  Drone x2  
  53  5:40  Pneumatized Carapace  
  53  5:43  Drone x3  
  53  5:44  Drone x3  
  59  5:55  Ravager x4  
  59  5:56  Ravager x2  
  65  6:02  Spire  
  64  6:08  Drone x2  
  67  6:11  Drone  
  67  6:16  Hatchery  
  63  6:46  Drone  
  61  6:47  Spire  
  61  6:50  Drone x2  
  62  7:08  Extractor  
  61  7:10  Extractor  
  61  7:13  Drone  
  61  7:14  Drone x7  
  61  7:15  Drone x4, Overlord  
  72  7:21  Zerg Flyer Weapons Level 1  
  70  7:39  Spore Crawler  
  70  7:40  Corruptor  
  70  7:41  Spore Crawler x2, Corruptor x6  
  79  8:01  Zerg Flyer Armor Level 1  
  79  8:14  Spore Crawler  
  79  8:15  Drone  
  79  8:16  Drone x5, Spore Crawler x2  
  82  8:22  Overlord x3  
  82  8:23  Overlord x2  
  82  8:34  Infestation Pit  
  82  8:36  Drone  
  82  8:40  Queen x2  
  82  8:41  Drone  
  87  8:47  Mutalisk x5  
  97  9:03  Hatchery  
  97  9:06  Mutalisk x3  
  102  9:47  Overseer  
  102  9:50  Mutalisk x7  
  102  9:51  Mutalisk x3  
  97  10:20  Mutalisk x5  
  64  10:44  Mutalisk x2  
Tags
 
Add a new tag
Caveats
  • Supply blocks, unpowered buildings, or Contaminate may cause inaccurate times.
  • Supply counts are checked every 10 seconds.